 Dungeon Crawl Stone Soup version 0.24-a0-201-gf205589 (webtiles) character file.

Game seed: 6178278184195386295

28581 nikopol the Eclecticist (level 13, -1/66 HPs)
             Began as a Deep Elf Fire Elementalist on Mar 22, 2019.
             Was an Elder of Vehumet.
             Splashed by an oklob plant's acid (15 damage)
             ... on level 4 of the Lair of Beasts on Mar 25, 2019.
             The game lasted 01:05:50 (21165 turns).

nikopol the Eclecticist (DEFE)                     Turns: 21165, Time: 01:05:50

Health: -1/66      AC:  6    Str:  5    XL:     13   Next: 10%
Magic:  17/35      EV: 15    Int: 29    God:    Vehumet [****..]
Gold:   594        SH:  6    Dex: 15    Spells: 23/45 levels left

rFire    . . .     SeeInvis .   s - +3 dagger (venom)
rCold    . . .     Gourm    .   (no shield)
rNeg     . . .     Faith    .   a - +0 robe
rPois    .         Spirit   .   q - +1 helmet
rElec    .         Reflect  +   k - +2 cloak
rCorr    .         Harm     .   o - +1 pair of gloves
MR       +....                  i - +0 pair of boots
Stlth    +++.......             H - +6 amulet of reflection
HPRegen  0.21/turn              f - ring of wizardry
MPRegen  0.24/turn              F - +3 ring of intelligence

@: corroded
A: no striking features
a: Renounce Religion


You were on level 4 of the Lair of Beasts.
You worshipped Vehumet.
Vehumet was greatly pleased with you.
You were near starving.

You visited 3 branches of the dungeon, and saw 18 of its levels.
You visited 1 bazaar.

You collected 777 gold pieces.
You spent 183 gold pieces at shops.

Inventory:

Hand Weapons
 s - a +3 dagger of venom (weapon)
Armour
 a - a +0 robe (worn)
 i - a +0 pair of boots (worn)
 k - a +2 cloak (worn)
 o - a +1 pair of gloves (worn)
 q - a +1 helmet (worn)
Jewellery
 f - a ring of wizardry (left hand)
 r - a cursed ring of attention {unknown}
 y - an uncursed amulet of the gourmand
 F - a +3 ring of intelligence (right hand)
 H - a +6 amulet of reflection (around neck)
Wands
 h - a wand of enslavement (7)
 x - a wand of acid (4)
 A - a wand of disintegration (36)
 I - a wand of polymorph (14)
 J - a wand of paralysis (18)
 M - a wand of iceblast (5)
Scrolls
 b - 4 scrolls of fear
 d - 8 scrolls of teleportation
 g - a scroll of enchant armour
 j - a scroll of magic mapping
 t - 5 scrolls of remove curse
 v - 2 scrolls of identify
 K - 2 scrolls of amnesia
Potions
 e - 2 potions of resistance
 l - 4 potions of heal wounds
 m - 2 potions of might
 n - 2 potions of agility
 p - 3 potions of mutation
 u - 3 potions of haste
 w - a potion of berserk rage {unknown}
 z - 2 potions of lignification
 B - a potion of brilliance {unknown}
 D - a potion of invisibility {unknown}
 N - 3 potions of curing
Comestibles
 c - 26 rations


   Skills:
 + Level 2.0 Fighting
 + Level 0.6 Short Blades
 + Level 5.7 Dodging
 + Level 5.2 Stealth
 + Level 16.5 Spellcasting
 + Level 13.0 Conjurations
 + Level 0.1 Translocations
 + Level 12.7 Fire Magic
 + Level 2.0 Air Magic


You had 23 spell levels left.
You knew the following spells:

 Your Spells              Type           Power        Failure   Level  Hunger
a - Flame Tongue          Conj/Fire      #####        0%          1    None
b - Throw Flame           Conj/Fire      ######       0%          2    None
c - Conjure Flame         Conj/Fire      #######.     1%          3    None
d - Sticky Flame          Conj/Fire      #######.     1%          4    None
e - Fireball              Conj/Fire      #######...   1%          5    None
f - Lightning Bolt        Conj/Air       ######....   1%          5    None
g - Blink                 Tloc           N/A          1%          2    None

Your spell library contained the following spells:

 Spells                   Type           Power        Failure   Level  Hunger
 Dazzling Spray           Conj/Hex       ######       1%          3    None
 Magic Dart               Conj           ####         0%          1    None
 Animate Skeleton         Necr           N/A          1%          1    None
 Corona                   Hex            ###....      1%          1    None
 Pain                     Necr           ###.         1%          1    None
 Shock                    Conj/Air       ####         1%          1    None
 Call Imp                 Summ           ###.....     1%          2    None
 Ensorcelled Hibernation  Hex/Ice        ###...       1%          2    None
 Slow                     Hex            ###.....     1%          2    None
 Swiftness                Chrm/Air       ####....     1%          2    None
 Inner Flame              Hex/Fire       ######..     1%          3    None
 Mephitic Cloud           Conj/Pois/Air  ######..     1%          3    None
 Static Discharge         Conj/Air       ######..     1%          3    None
 Airstrike                Air            #####.....   1%          4    None
 Confuse                  Hex            ###.....     2%          3    None
 Regeneration             Chrm/Necr      ###.......   2%          3    None
 Tukima's Dance           Hex            ###.....     2%          3    None
 Vampiric Draining        Necr           ###.......   2%          3    None
 Animate Dead             Necr           N/A          8%          4    None


Dungeon Overview and Level Annotations

Branches:
Dungeon (11/15)            Temple (1/1) D:5            Lair (6/6) D:11
 Shoals (0/4) Lair:2        Snake (0/4) Lair:3          Orc (0/2) D:10
  Slime: Lair:5-6

Altars:
Ashenzari
Dithmenos
Elyvilon
Fedhas
Gozag
Makhleb
Okawaru
Ru
Vehumet
Wu Jian
Xom
Yredelemnul
Zin
The Shining One

Shops:
D:5 *   D:10 (

Annotations:
D:4 1 runed translucent door, Ratatosk's ghost, amateur HuWn
D:7 2 transporters
Lair:1 exclusion: 2 oklob plants
Lair:4 exclusion: oklob plant


Message History

The oklob plant is heavily damaged.
Casting: Throw Flame (safe; 0% risk of failure)
Confirm with . or Enter, or press ? or * to list all spells.
Aiming: Throw Flame (safe; 0% risk of failure)
Press: ? - help, Shift-Dir - straight line, f/p - oklob plant
Aim: an oklob plant (heavily damaged)
The puff of flame hits the oklob plant.
The oklob plant is severely damaged.
Casting: Throw Flame (safe; 0% risk of failure)
Confirm with . or Enter, or press ? or * to list all spells.
Aiming: Throw Flame (safe; 0% risk of failure)
Press: ? - help, Shift-Dir - straight line, f/p - oklob plant
Aim: an oklob plant (severely damaged)
The puff of flame hits the oklob plant!
The oklob plant is almost destroyed.
The oklob plant spits acid at you. The splash of acid hits you!!
* * * LOW HITPOINT WARNING * * *
The acid corrodes you!
You are splashed with acid!
You die...

#...# ###.## ######.........
##....### ######### .##..P......
#.....P.# #....P..##.....P......
##..(...#####..........#.........
#P..................P.###........
..........#..#........# ###......
.#.....#.####.........# #.....
#......### #.........### ##..Y
#P....## #....@......# #. ##...##
#............# ##..##
#......?....## #....#
#...........# #....#
#............# ##...##
#.............# ####.#
##..........### ##.##
###.....P... #.#.##


You could see an oklob plant.

Vanquished Creatures
  5 hydras
  A two-headed ogre (D:9)
  3 death yaks (D:11)
  Sonja (Lair:3)
  An unseen horror (D:11)
  An orange crystal statue (Lair:2)
  Pikel (D:4)
  3 elephants
  A manticore (Lair:2)
  5 black mambas
  3 spiny frogs
  A gargoyle (D:10)
  2 komodo dragons
  2 trolls (D:11)
  Grinder (D:3)
  7 blink frogs
  5 hippogriffs
  2 basilisks (Lair:1)
  4 fire bats (Lair:3)
  A fire elemental (Lair:3)
  A human (D:7)
  2 wyverns
  15 yaks
  A hog (D:7)
  4 nagas (Lair:3)
  5 swamp worms (Lair:1)
  7 water moccasins
  An acid dragon (D:11)
  8 porcupines
  7 orc warriors
  7 sky beasts
  A black bear (D:5)
  6 ice beasts
  A phantom (D:5)
  3 wolves (Lair:2)
  2 ogres
  3 centaurs
  2 crocodiles
  A big kobold (D:9)
  8 bullfrogs
  A wyvern skeleton (D:6)
  2 scorpions
  8 killer bees
  An electric eel (Lair:3)
  13 wights
  3 howler monkeys
  2 bullfrog zombies (D:5)
  4 lava snakes (Lair:2)
  A quasit (D:6)
  2 centaur zombies
  3 jellies
  Crazy Yiuf (D:3)
  2 bullfrog skeletons
  9 orc priests
  4 hounds
  Jessica (D:3)
  Terence (D:3)
  2 hell rats (D:11)
  18 orc wizards
  7 worker ants
  2 hound skeletons
  A hound zombie (D:6)
  A howler monkey zombie (D:5)
  A worker ant zombie (D:8)
  Robin (D:3)
  3 gnolls (D:8)
  12 adders
  A shadow imp (D:7)
  7 oozes (D:3)
  3 adder zombies
  3 adder skeletons
  2 worms
  5 leopard geckos
  38 orcs
  5 giant cockroaches
  14 goblins
  13 hobgoblins
  8 jackals
  6 quokkas
  2 ball pythons
  A ball python skeleton (D:4)
  5 bats
  6 frilled lizards
  15 kobolds
  2 leopard gecko skeletons
  A quokka skeleton (D:4)
  A quokka zombie (D:5)
  11 rats
  A plant (Lair:3)
391 creatures vanquished.

Vanquished Creatures (others)
  Menkaure (D:4)
  4 fungi
  3 plants
  4 toadstools (D:3)
12 creatures vanquished.

Grand Total: 403 creatures vanquished

Notes
Turn   | Place    | Note
-------+----------+-------------------------------------------
     0 | D:1      | nikopol the Deep Elf Fire Elementalist began the quest for
                  | the Orb.
     0 | D:1      | Reached XP level 1. HP: 10/10 MP: 6/6
   225 | D:1      | Reached XP level 2. HP: 15/15 MP: 4/8
   862 | D:2      | Reached XP level 3. HP: 19/19 MP: 4/9
  1006 | D:2      | Found a sacrificial altar of Ru.
  1270 | D:3      | Noticed Robin
  1280 | D:3      | Killed Robin
  1280 | D:3      | Reached skill level 4 in Spellcasting
  1620 | D:2      | Learned a level 2 spell: Throw Flame
  1624 | D:2      | Learned a level 3 spell: Conjure Flame
  1722 | D:3      | Noticed Jessica
  1726 | D:3      | Killed Jessica
  1726 | D:3      | Reached XP level 4. HP: 20/24 MP: 6/12
  1896 | D:3      | Reached skill level 5 in Spellcasting
  1896 | D:3      | Reached XP level 5. HP: 22/28 MP: 8/14
  2464 | D:3      | Noticed Terence
  2477 | D:3      | Killed Terence
  2618 | D:3      | Found a basalt altar of Yredelemnul.
  2671 | D:3      | Found a white marble altar of Elyvilon.
  2714 | D:3      | Found a runed translucent door.
  2715 | D:3      | Noticed Crazy Yiuf
  2723 | D:3      | Killed Crazy Yiuf
  3028 | D:3      | Noticed a centaur
  3034 | D:3      | Killed a centaur
  3034 | D:3      | Reached XP level 6. HP: 19/32 MP: 10/16
  3040 | D:3      | Learned a level 4 spell: Sticky Flame
  3046 | D:3      | Learned a level 5 spell: Fireball
  3261 | D:4      | Reached skill level 5 in Fire Magic
  3350 | D:3      | Noticed Grinder
  3357 | D:3      | Killed Grinder
  3357 | D:3      | Reached skill level 6 in Spellcasting
  3357 | D:3      | Reached XP level 7. HP: 37/37 MP: 8/18
  4081 | D:4      | Reached skill level 7 in Spellcasting
  4362 | D:4      | Noticed Pikel
  4382 | D:4      | Killed Pikel
  4382 | D:4      | Reached skill level 8 in Spellcasting
  4382 | D:4      | Reached skill level 5 in Conjurations
  4382 | D:4      | Reached XP level 8. HP: 41/42 MP: 0/22
  4524 | D:4      | Noticed Menkaure
  4527 | D:4      | Found a runed translucent door.
  4528 | D:4      | Killed Menkaure
  4840 | D:4      | Noticed Ratatosk's ghost (amateur HuWn)
  4863 | D:5      | Entered Level 5 of the Dungeon
  4974 | D:5      | Found a shadowy altar of Dithmenos.
  4976 | D:5      | Found Wodaanej's General Store.
  5146 | D:5      | Learned a level 2 spell: Blink
  5232 | D:5      | Found a glowing silver altar of Zin.
  5278 | D:5      | Reached skill level 9 in Spellcasting
  5323 | D:5      | Found a blossoming altar of Fedhas.
  5749 | D:5      | Found a staircase to the Ecumenical Temple.
  5759 | Temple   | Entered the Ecumenical Temple
  5767 | Temple   | Became a worshipper of Vehumet
  5968 | D:6      | Found a shattered altar of Ashenzari.
  6147 | D:6      | Reached XP level 9. HP: 46/46 MP: 20/24
  6549 | D:6      | Found a shadowy altar of Dithmenos.
  6682 | D:7      | Found a transporter.
  6691 | D:7      | Reached skill level 10 in Spellcasting
  6735 | D:7      | Found a transporter.
  6742 | D:7      | Noticed a freezing wraith
  6744 | D:7      | Found a burning altar of Makhleb.
  6744 | D:7      | Found a glowing golden altar of the Shining One.
  6745 | D:7      | Found an opulent altar of Gozag.
  7171 | D:7      | Reached * piety under Vehumet
  7171 | D:7      | Offered knowledge of Shock by Vehumet.
  7269 | D:7      | Found an ornate altar of the Wu Jian Council.
  8062 | D:7      | Reached skill level 11 in Spellcasting
  8065 | D:7      | Reached XP level 10. HP: 51/51 MP: 8/27
  8424 | D:8      | Offered knowledge of Sandblast by Vehumet.
  8427 | D:8      | Reached ** piety under Vehumet
  9446 | D:9      | Offered knowledge of Throw Frost by Vehumet.
  9446 | D:9      | Noticed a two-headed ogre
  9466 | D:9      | Killed a two-headed ogre
  9466 | D:9      | Reached skill level 12 in Spellcasting
  9471 | D:9      | Reached *** piety under Vehumet
  9543 | D:9      | Noticed a four-headed hydra
  9549 | D:9      | Killed a four-headed hydra
  9549 | D:9      | Reached skill level 10 in Fire Magic
  9915 | D:9      | Reached skill level 1 in Fighting
 10077 | D:9      | Reached skill level 10 in Conjurations
 10282 | D:9      | Offered knowledge of Throw Icicle by Vehumet.
 10423 | D:9      | Reached XP level 11. HP: 51/56 MP: 25/29
 10810 | D:10     | Entered Level 10 of the Dungeon
 10818 | D:10     | Found a staircase to the Orcish Mines.
 11058 | D:10     | Reached skill level 13 in Spellcasting
 11106 | D:10     | Found Bigaumn's Weapon Boutique.
 11120 | D:10     | Found a shimmering altar of Xom.
 11334 | D:10     | Reached **** piety under Vehumet
 11909 | D:11     | Found a flickering gateway to a bazaar.
 11917 | Bazaar   | Entered a bazaar
 11917 | Bazaar   | Found Annof's Distillery.
 11920 | Bazaar   | Found Suutozym's Jewellery Shoppe.
 11923 | Bazaar   | Bought a potion of heal wounds for 55 gold pieces
 11923 | Bazaar   | Bought a potion of curing for 33 gold pieces
 11929 | Bazaar   | Found Mudoifful's Assorted Antiques.
 11964 | Bazaar   | Found Egotiom's Armour Shop.
 11970 | Bazaar   | Found Leedead's Distillery.
 11977 | Bazaar   | Bought a potion of heal wounds for 95 gold pieces
 12197 | D:11     | Noticed a death yak
 12197 | D:11     | Noticed a death yak
 12205 | D:11     | Noticed a death yak
 12206 | D:11     | Killed a death yak
 12592 | D:11     | Offered knowledge of Dazzling Spray by Vehumet.
 12652 | D:11     | Found a staircase to the Lair.
 12664 | D:11     | Noticed an unseen horror
 12665 | D:11     | Killed an unseen horror
 13159 | D:11     | Killed a death yak
 13159 | D:11     | Reached skill level 14 in Spellcasting
 13543 | D:11     | Killed a death yak
 13543 | D:11     | Reached skill level 5 in Dodging
 13695 | Lair:1   | Entered Level 1 of the Lair of Beasts
 14294 | Lair:1   | Noticed an oklob plant
 14294 | Lair:1   | Noticed an oklob plant
 14442 | Lair:1   | Noticed a five-headed hydra
 14447 | Lair:1   | Killed a five-headed hydra
 14522 | Lair:1   | Reached skill level 5 in Stealth
 14522 | Lair:1   | Reached XP level 12. HP: 23/61 MP: 26/32
 14872 | Lair:1   | Noticed a five-headed hydra
 14879 | Lair:1   | Killed a five-headed hydra
 14993 | Lair:1   | HP: 1/61 [swamp worm/harpoon shot (12)]
 16202 | Lair:2   | Reached skill level 15 in Spellcasting
 16515 | Lair:2   | Learned a level 5 spell: Lightning Bolt
 17161 | Lair:2   | Found a staircase to the Shoals.
 17731 | Lair:3   | Noticed Sonja
 17733 | Lair:3   | Killed Sonja
 17815 | Lair:3   | Reached skill level 1 in Air Magic
 17988 | Lair:3   | Found a staircase to the Snake Pit.
 18254 | Lair:3   | Reached skill level 16 in Spellcasting
 18642 | Lair:3   | Noticed a six-headed hydra
 18645 | Lair:3   | Killed a six-headed hydra
 18891 | Lair:3   | Noticed a five-headed hydra
 19125 | Lair:3   | Killed a five-headed hydra
 19653 | Lair:4   | Noticed a death yak
 20048 | Lair:3   | Reached XP level 13. HP: 45/66 MP: 29/35
 20323 | Lair:4   | You fall through a shaft for 2 floors!
 20323 | Lair:6   | Entered Level 6 of the Lair of Beasts
 21165 | Lair:4   | Splashed by an oklob plant's acid

Levels and vault maps discovered:
D:1:      dpeg_arrival_orchard, layout_basic, serial_forest,
          infiniplex_forest_end_3, infiniplex_forest_clump_long,
          infiniplex_forest_clump_curved, infiniplex_forest_clump_tiny,
          infiniplex_forest_clump_long, infiniplex_forest_lined_room_2,
          minmay_misc_feat_five
D:2:      layout_rooms, lemuel_coloured_pillars_altar
D:3:      cheibrodos_fertilizer, layout_rooms, kennysheep_ying_yang,
          serial_curves, eino_curves_03, eino_curves_03, uniq_robin,
          uniq_grinder, uniq_terence, uniq_jessica, uniq_crazy_yiuf_cottage
D:4:      minmay_skewed_foursquare, layout_basic, ebering_ghost_reflecting_pool,
          first_ration, uniq_menkaure, uniq_pikel
D:5:      layout_cave_pods, nicolae_overflow_crystal_walls,
          overflow_temple_1_default, temple_hall, basic_altar, serial_shops,
          nicolae_shop_temple_entry_statues_fountains
D:6:      layout_basic, kennysheep_little_box, evilmike_ruin_ashenzari,
          corexii_item_surrounded_by_moat
D:7:      layout_basic, lemuel_crystal_altar, gammafunk_temple_overflow_arena,
          grunt_livestock
D:8:      layout_basic
D:9:      layout_loops_ring, nicolae_overflow_hidden_temple, minmay_between
D:10:     layout_stronghold, david_orc_2, serial_shops, nicolae_shop_crystal,
          basic_altar
D:11:     layout_layer_cave, dpeg_lair_monsters, serial_shops, bzr_entry_water
Temple:   dpeg_chambers_temple
Lair:1:   layout_chaotic_city, serial_bayou_ford_a, worms_lemuel,
          minmay_lair_oklob_chamber
Lair:2:   layout_chaotic_city, minmay_shoals_entry_beasts, disabler_island
Lair:3:   layout_gridlike, minmay_snake_entry_guardpost_small,
          minmay_stone_trees_small, chequers_serial_rivers_small_a,
          serial_bayou_shore_b, grunt_megastairs_3, uniq_sonja
Lair:4:   layout_cave_pods
Lair:5:   layout_misc_corridors, slime_dummy, uniq_snorg
Lair:6:   hangedman_lair_caniforms_friends, layout_cave_pods,
          guppyfry_lair_end_dragon, grunt_megastairs_2
Bazaar:   bazaar_kb_twisted_cavern

Skill      XL: |  1  2  3  4  5  6  7  8  9 10 11 12 13 |
---------------+----------------------------------------+-----
Fire Magic     | 4 5 6 7 8 10 11 12 | 12.7
Spellcasting   | 4 5 6 8 9 11 12 14 16 | 16.5
Conjurations   | 2 3 5 6 8 10 11 12 13 | 13.0
Dodging        | 3 4 5 |  5.7
Stealth        | 3 4 5 |  5.2
Fighting       | 1 2 |  2.0
Air Magic      | 2 |  2.0
Short Blades   | |  0.6
Translocations | |  0.1

Action                   |  1- 3 |  4- 6 |  7- 9 | 10-12 | 13-15 || total
-------------------------+-------+-------+-------+-------+-------++-------
Melee: Dagger            |     1 |    10 |    23 |     2 |       ||    36
 Cast: Flame Tongue      |    82 |    69 |   217 |   421 |    23 ||   812
       Conjure Flame     |       |     2 |     2 |    10 |       ||    14
       Sticky Flame      |       |     2 |    38 |    92 |    11 ||   143
       Throw Flame       |       |       |    12 |    18 |    25 ||    55
       Fireball          |       |       |    10 |    46 |       ||    56
       Blink             |       |       |       |     2 |       ||     2
       Lightning Bolt    |       |       |       |    30 |     1 ||    31
  Use: Scroll            |       |       |     6 |    16 |       ||    22
       Potion            |       |       |       |     2 |       ||     2
  Eat: Chunk             |     2 |     5 |    23 |    23 |     2 ||    55
       Ration            |       |       |     1 |     2 |       ||     3
Armor: Robe              |     9 |     6 |    18 |    40 |     4 ||    77
       Skin              |       |       |       |     3 |       ||     3
Dodge: Dodged            |    45 |    20 |    66 |   115 |    10 ||   256
Block: Other             |       |       |       |    29 |     3 ||    32
       Reflection        |       |       |       |     1 |       ||     1

Table legend:
 A = Non-vault XP
 B = Vault XP
 C = Vault XP percentage of total XP
 D = Non-vault monster count
 E = Vault monster count
 F = Vault count percentage of total count
                 A         B        C        D         E       F
            +---------+---------+-------+---------+---------+-------
      Total |   31213 |    9618 |  23.6 |     312 |      78 |  20.0
            +---------+---------+-------+---------+---------+-------
        D:1 |      24 |       0 |   0.0 |      18 |       0 |   0.0
        D:2 |      40 |       5 |  11.1 |      20 |       3 |  13.0
        D:3 |     215 |     583 |  73.1 |      16 |      28 |  63.6
        D:4 |     181 |     689 |  79.2 |      17 |       5 |  22.7
        D:5 |     735 |       0 |   0.0 |      19 |       0 |   0.0
        D:6 |     686 |       0 |   0.0 |      16 |       0 |   0.0
        D:7 |    1413 |    1003 |  41.5 |      42 |       5 |  10.6
        D:8 |    1537 |       0 |   0.0 |      34 |       0 |   0.0
        D:9 |    4251 |      42 |   1.0 |      32 |       1 |   3.0
       D:10 |    1840 |     157 |   7.9 |      19 |       8 |  29.6
       D:11 |    2645 |    2951 |  52.7 |      15 |       9 |  37.5
     Lair:1 |    4516 |     809 |  15.2 |      13 |       5 |  27.8
     Lair:2 |    1968 |    1624 |  45.2 |      11 |       7 |  38.9
     Lair:3 |    7528 |    1755 |  18.9 |      26 |       7 |  21.2
     Lair:4 |    3099 |       0 |   0.0 |      11 |       0 |   0.0
     Lair:5 |     333 |       0 |   0.0 |       2 |       0 |   0.0
     Lair:6 |     202 |       0 |   0.0 |       1 |       0 |   0.0
            +---------+---------+-------+---------+---------+-------
